 Dungeon Crawl Stone Soup version 0.20-a0-1116-gaa52201 (webtiles) character file.

275 Infinimo the Cleaver (level 6, 0/51 HPs)
             Began as a Hill Orc Fighter on May 8, 2017.
             Slain by an ogre
             ... wielding a +0 giant club
              (21 damage)
             ... on level 5 of the Dungeon.
             The game lasted 00:03:55 (2176 turns).

Infinimo the Cleaver (Hill Orc Fighter)             Turns: 2176, Time: 00:03:55

Health: 0/51       AC:  6    Str: 26    XL:     6   Next: 24%
Magic:  6/6        EV:  9    Int:  8    God:
Gold:   129        SH:  4    Dex: 10    Spells: 5/5 levels left

rFire    . . .     SeeInvis .   a - +1 war axe
rCold    . . .     Gourm    .   q - +0 buckler
rNeg     . . .     Faith    .   b - +0 scale mail
rPois    .         Spirit   .   (no helmet)
rElec    .         Reflect  .   c - scarf {cloud immunity}
rCorr    .         Harm     .   (no gloves)
MR       .....                  (no boots)
Stlth    ..........             (no amulet)
Regen    0.2/turn               (no ring)
MPRegen  0.1/turn               (no ring)

@: mighty
A: no striking features
a: no special abilities


You were on level 5 of the Dungeon.
You were hungry.

You visited 1 branch of the dungeon, and saw 5 of its levels.

You collected 129 gold pieces.

Inventory:

Hand Weapons
 a - a +1 war axe (weapon)
Armour
 b - a +0 scale mail (worn)
 c - a scarf of cloud immunity (worn)
 q - a +0 buckler (worn)
Jewellery
 r - an uncursed ring of magical power {unknown}
Scrolls
 i - a scroll of teleportation
 k - a scroll of fog
 m - a scroll of identify
Potions
 d - a potion of might
 e - a potion of agility
 h - a potion of degeneration
 j - a potion of heal wounds
 l - a potion of flight {unknown}
 o - a potion of curing
 p - a potion of mutation {unknown}
Comestibles
 f - 3 bread rations
 g - a meat ration
 n - a royal jelly


   Skills:
 - Level 3.6 Fighting
 + Level 8.3 Axes
 - Level 3.3 Armour
 - Level 3.4 Shields


You had 5 spell levels left.
You didn't know any spells.

Dungeon Overview and Level Annotations

Branches:
Dungeon (6/15)
 Temple: D:4-7

Altars:
The Shining One


Message History

Your Axes skill increases to level 8!
You feel sick.
You start resting.
You feel sick. x11
You are no longer poisoned.
You start resting.
You are feeling hungry.
You open the door.
There is an open door here.
An ogre comes into view. It is wielding a giant club.
The ogre shouts!
An ogre is nearby!
The ogre hits you with a giant club!!
The ogre is lightly wounded.
The ogre hits you with a giant club!
The ogre is lightly wounded.
You feel very mighty all of a sudden.
The ogre is heavily wounded.
The ogre is heavily wounded.
The ogre hits you with a giant club!!
You die...

#.......
#...... #.....
### #....#
#####.#+##....#
#.....#..#....#
#.....#..#....#
#....O#..#.>..#
#....@#..#....#
#.....#'##....#
####+#........#
#........#
#........+
#........#
..........#
.............
...............


You could see an ogre.

Vanquished Creatures
  A bullfrog (D:6)
  A scorpion (D:5)
  A bullfrog zombie (D:6)
  A hound skeleton (D:5)
  4 adders (D:2)
  An ooze (D:2)
  2 worms (D:2)
  2 dart slugs
  2 leopard geckos
  2 orcs
  4 giant cockroaches
  3 goblins
  4 hobgoblins
  12 jackals
  A quokka (D:2)
  A ball python (D:1)
  7 bats
  5 frilled lizards
  9 kobolds
  A quokka skeleton (D:6)
  5 rats
  3 plants (D:6)
72 creatures vanquished.

Vanquished Creatures (others)
  A plant (D:6)
1 creature vanquished.

Grand Total: 73 creatures vanquished

Notes
Turn   | Place    | Note
-------+----------+-------------------------------------------
     0 | D:1      | Infinimo the Hill Orc Fighter began the quest for the Orb.
     0 | D:1      | Reached XP level 1. HP: 19/19 MP: 1/1
    64 | D:1      | Reached skill level 3 in Axes
   205 | D:1      | Reached XP level 2. HP: 24/26 MP: 2/2
   428 | D:1      | Reached skill level 4 in Axes
   704 | D:1      | Reached XP level 3. HP: 22/31 MP: 3/3
   863 | D:1      | You fall through a shaft!
  1082 | D:2      | Reached skill level 5 in Axes
  1090 | D:2      | Reached XP level 4. HP: 35/39 MP: 4/4
  1350 | D:2      | Reached skill level 6 in Axes
  1547 | D:2      | Found a glowing golden altar of the Shining One.
  1674 | D:3      | Reached XP level 5. HP: 45/45 MP: 5/5
  1699 | D:3      | You fall through a shaft for 3 floors!
  1756 | D:6      | Noticed a centaur
  1756 | D:6      | Noticed an ogre
  1765 | D:6      | Reached skill level 7 in Axes
  1888 | D:5      | Entered Level 5 of the Dungeon
  1898 | D:5      | Reached XP level 6. HP: 27/51 MP: 6/6
  1902 | D:5      | Reached skill level 8 in Axes
  2176 | D:5      | Slain by an ogre

Vault maps used:
D:1:      saegor_arrival_simple_c, roderic_nine_men_s_morris
D:2:      tso_altar, minmay_vboxes
D:3:      uniq_crazy_yiuf_cottage
D:5:      gammafunk_temple_overflow_statue, first_bread
D:6:      kennysheep_housing_project, moated_statue, uniq_sigmund

Skill      XL: |  1  2  3  4  5  6 |
---------------+-------------------+-----
Axes           | 3 4 5 6 7 8 |  8.3
Fighting       | |  3.6
Armour         | |  3.3
Shields        | |  3.4

Action                   |  1- 3 |  4- 6 || total
-------------------------+-------+-------++-------
Melee: War axe           |   107 |   138 ||   245
  Use: Scroll            |     7 |     3 ||    10
       Potion            |       |     2 ||     2
  Eat: Chunk             |     1 |     3 ||     4
Armor: Scale mail        |    44 |    54 ||    98
Dodge: Dodged            |    57 |    45 ||   102
Block: Shield            |    34 |       ||    34
       Buckler           |    20 |    15 ||    35
